 Dungeon Crawl Stone Soup version 0.22-a0-605-g9281fa2 (webtiles) character file.

156 royokou the Chopper (level 5, -5/45 HPs)
             Began as a Minotaur Fighter on July 8, 2018.
             Slain by a mummy (10 damage)
             ... in an ossuary.
             The game lasted 00:05:42 (2115 turns).

royokou the Chopper (Minotaur Fighter)              Turns: 2115, Time: 00:05:42

Health: -5/45      AC:  9    Str: 20    XL:     5   Next: 15%
Magic:  4/4        EV:  5    Int:  6    God:
Gold:   168        SH:  9    Dex: 10    Spells: 4/4 levels left

rFire    . . .     SeeInvis .   a - +0 war axe
rCold    . . .     Gourm    .   c - +0 shield
rNeg     . . .     Faith    .   b - +0 scale mail
rPois    .         Spirit   .   (helmet restricted)
rElec    .         Reflect  .   (no cloak)
rCorr    +         Harm     .   i - +1 pair of gloves
MR       .....                  (no boots)
Stlth    ..........             h - amulet of inaccuracy (curse)
HPRegen  0.15/turn              t - ring of resist corrosion
MPRegen  0.09/turn              u - -2 ring of evasion (curse)

@: no status effects
A: retaliatory headbutt, horns 2
a: no special abilities


You were in an ossuary.
You were not hungry.

You visited 1 branch of the dungeon, and saw 4 of its levels.
You also visited: Ossuary.

You collected 168 gold pieces.

Inventory:

Hand Weapons
 a - a +0 war axe (weapon)
Armour
 b - a +0 scale mail (worn)
 c - a +0 shield (worn)
 i - a +1 pair of gloves (worn)
Jewellery
 h - a cursed amulet of inaccuracy (around neck)
 n - a cursed amulet of inaccuracy
 t - a ring of resist corrosion (left hand)
 u - a cursed -2 ring of evasion (right hand)
Wands
 m - a wand of polymorph (7)
 s - a wand of flame (30)
Scrolls
 k - a scroll of teleportation
 p - 3 scrolls of identify
Potions
 d - 3 potions of might
 e - a potion of ambrosia {unknown}
 g - a potion of flight {unknown}
 j - 2 potions of agility
 l - 2 potions of curing
 o - a potion of heal wounds {unknown}
 q - a potion of lignification {unknown}
Comestibles
 f - 5 rations


   Skills:
 - Level 3.6 Fighting
 + Level 6.5 Axes
 - Level 3.6 Armour
 - Level 3.6 Shields


You had 4 spell levels left.
You didn't know any spells.
Your spell library was empty.

Dungeon Overview and Level Annotations

Branches:
Dungeon (4/15)
 Temple: D:4-7

Altars:
Cheibriados
The Shining One


Innate Abilities, Weirdness & Mutations

You reflexively headbutt those who attack you in melee.
You have a pair of horns on your head.


Message History

The mummy is severely damaged.
You block the mummy's attack.
You closely miss the mummy.
The mummy is severely damaged.
You closely miss the mummy.
The mummy is severely damaged.
You closely miss the mummy.
The mummy is severely damaged.
The mummy hits you!
* * * LOW HITPOINT WARNING * * *
You closely miss the mummy.
The mummy is severely damaged.
You hit the mummy. You block the mummy's attack.
You hit the mummy but do no damage.
You destroy the mummy!
Your shield and scale mail prevent you from hitting the mummy.
You barely miss the mummy.
The mummy is lightly damaged.
The mummy hits you!
You die...

##### #..∩#
#.∩.# #.@.#
#≈##M##'##+#
+.......M...
#'#+#'#+#+#+
# .# ##


You could see a mummy.

Vanquished Creatures
  A hound (D:3)
  3 mummies (Ossuary)
  3 adders
  An ooze (D:3)
  An adder skeleton (D:4)
  2 dart slugs
  2 leopard geckos
  2 orcs
  3 giant cockroaches
  4 goblins
  5 hobgoblins
  6 jackals
  6 kobolds
  A quokka (D:2)
  3 bats
  2 frilled lizards
  5 rats
50 creatures vanquished.

Vanquished Creatures (others)
  A withered plant (Ossuary)
1 creature vanquished.

Grand Total: 51 creatures vanquished

Notes
Turn   | Place    | Note
-------+----------+-------------------------------------------
     0 | D:1      | royokou the Minotaur Fighter began the quest for the Orb.
     0 | D:1      | Reached XP level 1. HP: 19/19 MP: 0/0
   137 | D:1      | Reached skill level 3 in Axes
   156 | D:1      | Reached XP level 2. HP: 24/26 MP: 1/1
   883 | D:2      | Reached skill level 4 in Axes
   923 | D:2      | Reached XP level 3. HP: 30/31 MP: 2/2
  1065 | D:2      | Found a snail-covered altar of Cheibriados.
  1302 | D:2      | Found a glowing golden altar of the Shining One.
  1351 | D:3      | Reached skill level 5 in Axes
  1726 | D:3      | Reached XP level 4. HP: 39/39 MP: 3/3
  1968 | D:3      | Found a faded altar of an unknown god.
  1977 | D:3      | Reached skill level 6 in Axes
  2087 | D:4      | Found a sand-covered staircase.
  2092 | Ossuary  | Entered an ossuary
  2108 | Ossuary  | Reached XP level 5. HP: 17/45 MP: 4/4
  2115 | Ossuary  | Slain by a mummy

Vault maps used:
D:1:      giann_wishing_wells
D:2:      overflow_temple_1_default, nicolae_tso_carved_into_rock
D:3:      chequers_ecumenical_altar_simple, first_ration
D:4:      nicolae_ossuary_entry_monument
Ossuary:  ossuary_zaba_flooded

Skill      XL: |  1  2  3  4 |
---------------+-------------+-----
Axes           | 3 4 5 6 |  6.5
Fighting       | |  3.6
Armour         | |  3.6
Shields        | |  3.6

Action                   |  1- 3 |  4- 6 || total
-------------------------+-------+-------++-------
Melee: War axe           |   124 |    42 ||   166
       Headbutt          |     6 |     4 ||    10
  Use: Scroll            |       |     7 ||     7
  Eat: Chunk             |     2 |     2 ||     4
Armor: Scale mail        |    54 |    16 ||    70
Dodge: Dodged            |    46 |     7 ||    53
Block: Shield            |    73 |    19 ||    92

Table legend:
 A = Spawn XP
 B = Non-spawn XP
 C = Spawn XP percentage of total XP
 D = Spawn monster count
 E = Non-spawn monster count
 F = Spawn count percentage of total count
 G = Total turns spent on level
                    A         B        C        D         E        F      G
               +---------+---------+-------+---------+---------+-------+---------
         Total |       0 |     224 |   0.0 |       0 |      50 |   0.0 |  2115
               +---------+---------+-------+---------+---------+-------+---------
           D:1 |       0 |      27 |   0.0 |       0 |      16 |   0.0 |   874
           D:2 |       0 |      50 |   0.0 |       0 |      14 |   0.0 |   466
           D:3 |       0 |      85 |   0.0 |       0 |      15 |   0.0 |   677
           D:4 |       0 |       8 |   0.0 |       0 |       2 |   0.0 |    75
       Ossuary |       0 |      54 |   0.0 |       0 |       3 |   0.0 |    23
               +---------+---------+-------+---------+---------+-------+---------
